 Dungeon Crawl Stone Soup version 0.32-a0-42-ga30500b4d3 (webtiles) character file.

Game seed: 7959118066966798386

3212 KikiJiki the Thaumaturge (level 9, -6/57 HPs)
             Began as a Mummy Summoner on Feb 3, 2024.
             Was an Initiate of Kikubaaqudgha.
             Mangled by a yak (9 damage)
             ... on level 9 of the Dungeon.
             The game lasted 00:14:39 (8021 turns).

KikiJiki the Thaumaturge (Mummy Summoner)           Turns: 8021, Time: 00:14:40

Health: -6/57      AC: 11    Str: 12    XL:     9   Next: 65%
Magic:  3/23       EV: 12    Int: 21    God:    Kikubaaqudgha [......]
Gold:   332        SH:  0    Dex: 15    Spells: 21/29 levels left

rFire   x . .        j - +2 dagger (venom)
rCold   + + .        (no shield)
rNeg    + + +        w - +0 steam dragon scales
rPois   ∞            k - +0 helmet
rElec   +            t - +2 cloak
rCorr   .            r - +0 pair of gloves
SInv    .            m - +0 pair of boots
Will    +....        d - amulet of regeneration
Stlth   ++           f - ring "Gyes" {rElec rC+ Int+3 Dex+3}
HPRegen 1.09/turn    (no ring)
MPRegen 0.18/turn

%: faith
@: very slightly contaminated
A: cold resistance 1, negative energy resistance 3, torment resistance 2, heat
vulnerability 1, in touch with death 1, no potions, faith
a: Renounce Religion


You were on level 9 of the Dungeon.
You worshipped Kikubaaqudgha.
Kikubaaqudgha was noncommittal.
You visited 2 branches of the dungeon, and saw 10 of its levels.

You collected 388 gold pieces.
You spent 56 gold pieces at shops.

Inventory:

Hand Weapons
 h - a +2 dagger of protection
 j - a +2 dagger of venom (weapon)
Missiles
 u - 2 curare-tipped darts
Armour
 k - a +0 helmet (worn)
 m - a +0 pair of boots (worn)
 n - a +1 robe of willpower
 r - a +0 pair of gloves (worn)
 t - a +2 cloak (worn)
 w - +0 steam dragon scales (worn)
Jewellery
 d - an amulet of regeneration (around neck)
 f - the ring "Gyes" (left hand) {rElec rC+ Int+3 Dex+3}
   (You found it on level 2 of the Dungeon)

   [ring of protection from cold]

   Int+3:     It affects your intelligence (+3).
   Dex+3:     It affects your dexterity (+3).
   rC+:       It protects you from cold.
   rElec:     It insulates you from electricity.
Wands
 c - a wand of acid (11)
 g - a wand of flame (45)
 i - a wand of roots (8)
 p - a wand of charming (6)
Scrolls
 a - a scroll of fear {unknown}
 b - 10 scrolls of teleportation {@r3}
 e - 6 scrolls of identify {@r1}
 l - a scroll of amnesia {unknown}
 o - 2 scrolls of blinking {unknown}
 q - a scroll of revelation {unknown}
 s - a scroll of noise {unknown}
 v - a scroll of immolation {unknown}
 x - 2 scrolls of enchant weapon {unknown}


   Skills:
 - Level 0.1 Fighting
 - Level 1.5 Dodging
 - Level 1.5 Stealth
 - Level 1.0 Unarmed Combat
 + Level 10.7 Spellcasting
 + Level 7.8 Summonings
 - Level 5.0 Air Magic


You had 21 spell levels left.
You knew the following spells:

 Your Spells              Type           Power      Damage    Failure   Level
c - Call Canine Familiar  Summ           44%        N/A       1%          3
l - Summon Lightning Spi  Summ/Air       38%        N/A       4%          4
s - Summon Small Mammal   Summ           100%       N/A       1%          1

Your spell library contained the following spells:

 Spells                   Type           Power      Damage    Failure   Level
 Call Imp                 Summ           88%        N/A       1%          2
 Magic Dart               Conj           44%        1d5       6%          1
 Searing Ray              Conj           22%        2d5       9%          2
 Summon Blazeheart Golem  Fire/Summ      27%        N/A       12%         4
 Fulminant Prism          Conj/Alch      5%         3d6       52%         4


Dungeon Overview and Level Annotations

Branches:
Dungeon (9/15)             Temple (1/1) D:7            Lair (0/5) D:8
    Orc: D:9-12

Altars:
Ashenzari
Cheibriados
Dithmenos
Fedhas
Gozag
Hepliaklqana
Kikubaaqudgha
Makhleb
Nemelex Xobeh
Okawaru
Qazlal
Ru
Sif Muna
Trog
Uskayaw
Vehumet
Wu Jian
Xom
Yredelemnul

Shops:
D:1 (   D:6 *

Annotations:
D:2 Terence
D:9 3 runed translucent doors


Innate Abilities, Weirdness & Mutations

You are immune to poison.
Your flesh is cold resistant. (rC+)
You are immune to negative energy. (rN+++)
You are immune to unholy pain and torment.
You are vulnerable to heat. (rF-)
You are in touch with the powers of death.
You do not drink.
You have a special connection with the divine. (Faith)


Message History

The yak gores you but does no damage.
Your lightning spire shoots out a bolt of lightning at the yak!
The bolt of electricity hits the yak! x2
The yak gores your lightning spire. The yak gores your lightning spire!
You hit the yak.
You kill the yak!
Kikubaaqudgha accepts your kill. The yak gores you but does no damage.
Your lightning spire shoots out a bolt of lightning at the yak!
The bolt of electricity hits the yak!
The yak closely misses you.
You hit the yak.
The yak is poisoned.
The yak is severely wounded.
The yak gores you but does no damage. The yak gores your lightning spire!
Your lightning spire is destroyed!
Your lightning spire disappears in a puff of smoke!
The yak completely misses you.
Your magical contamination has completely faded away.
Casting: Call Canine Familiar (safe; 1% risk of failure)
Confirm with . or Enter, or press ? or * to list all spells.
You miscast Summon Lightning Spire.
You are very lightly contaminated with residual magic.
Nothing appears to happen.
The yak gores you! The yak gores you but does no damage.
Unknown command.
Casting: Summon Lightning Spire (dangerous; 4% risk of failure)
Confirm with . or Enter, or press ? or * to list all spells.
An electric hum fills the air.
The yak gores you! x2; The yak gores you.
* * * LOW HITPOINT WARNING * * *
The yak attacks as it pursues you! The yak gores you.
* * * LOW HITPOINT WARNING * * *
The yak gores you!
* * * LOW HITPOINT WARNING * * *
Your familiar recovers from its injuries.
The yak gores your lightning spire but does no damage.
The yak gores you!
* * * LOW HITPOINT WARNING * * *
The yak gores your lightning spire! The yak attacks as it pursues you!
The yak gores you!
You die...
Kikubaaqudgha rasps: "You have failed me!
Welcome... oblivion!"

#.†# #..# .. #..# #..
#..#
#..########..####+###.
#.....................
#............Y...##
#............Y8Y.#
#........######@.#
#..##...### #..+
##.....P...## #..+
....P.PP..P.# #..#
..#...P#....# #...
..#P..###...####....
.................##.
..P..........##### ..
...##.._..##.#


You could see 3 yaks and a friendly lightning spire (summoned).

Vanquished Creatures
  A wyvern (D:9)
  A nameless horror (D:6)
  A yak (D:9)
  2 bullfrogs
  2 electric eels
  A howler monkey (D:6)
  A bombardier beetle (D:4)
  A hound (D:7)
  A sleepcap (D:4)
  Ijyb (D:5)
  3 iguanas (D:6)
  2 orc wizards (D:5)
  2 gnolls (D:6)
  3 adders
  A shadow imp (D:7)
  A white imp (D:7)
  An ufetubus (D:5)
  5 orcs
  A bat (D:1)
  An endoplasm (D:1)
  3 giant cockroaches
  A hobgoblin (D:1)
  3 quokkas
  2 ball pythons
  2 frilled lizards (D:1)
  3 rats
46 creatures vanquished.

Vanquished Creatures (collateral kills)
  Prince Ribbit (D:7)
  A wyvern (D:8)
  A yak (D:9)
  A steam dragon (D:8)
  Menkaure (D:4)
  A water moccasin (D:3)
  2 black bears
  An ice beast (D:7)
  An ogre (D:6)
  A centaur (D:6)
  2 kobold brigands (D:7)
  A bullfrog (D:7)
  A gnoll sergeant (D:6)
  A scorpion (D:4)
  3 wights (D:7)
  3 howler monkeys (D:8)
  A bombardier beetle (D:3)
  A hound (D:5)
  2 jellies (D:5)
  Crazy Yiuf (D:6)
  An iguana (D:7)
  Natasha (thrice) (D:2)
  4 orc wizards
  3 adders
  3 gnolls (D:6)
  An ufetubus (D:5)
  A ribbon worm (D:5)
  A dart slug (D:1)
  7 orcs
  4 ball pythons
  5 bats
  2 endoplasms (D:1)
  2 giant cockroaches
  5 goblins
  6 hobgoblins
  A frilled lizard (D:1)
  12 kobolds
  4 rats
92 creatures vanquished.

Grand Total: 138 creatures vanquished

Notes
Turn   | Place    | Note
-------+----------+-------------------------------------------
     0 | D:1      | KikiJiki the Mummy Summoner began the quest for the Orb.
     0 | D:1      | Reached XP level 1. HP: 13/13 MP: 4/4
   275 | D:1      | Found Hayntual's Antique Weapon Boutique.
   361 | D:1      | Reached XP level 2. HP: 19/19 MP: 2/5
   530 | D:1      | Reached skill level 3 in Spellcasting
   765 | D:1      | Reached XP level 3. HP: 24/24 MP: 4/7
  1137 | D:1      | Found a faded altar of an unknown god.
  1320 | D:1      | Learned a level 3 spell: Call Canine Familiar
  1513 | D:2      | Noticed Natasha
  1525 | D:2      | Killed Natasha
  1526 | D:2      | Reached skill level 4 in Spellcasting
  1641 | D:2      | Identified the ring "Gyes" {rElec rC+ Int+3 Dex+3}
  1644 | D:2      | Noticed Natasha
  1658 | D:2      | Killed Natasha
  1659 | D:2      | Reached XP level 4. HP: 30/30 MP: 0/10
  1744 | D:2      | Reached skill level 1 in Unarmed Combat
  1950 | D:2      | Noticed Terence
  2190 | D:2      | Noticed Natasha
  2202 | D:2      | Killed Natasha
  2372 | D:2      | Learned a level 4 spell: Summon Lightning Spire
  2489 | D:3      | Reached XP level 5. HP: 35/35 MP: 10/12
  2540 | D:3      | Reached skill level 5 in Spellcasting
  2626 | D:3      | Reached skill level 1 in Air Magic
  2695 | D:3      | Noticed a water moccasin
  2717 | D:3      | Killed a water moccasin
  2718 | D:3      | Reached XP level 6. HP: 41/41 MP: 7/14
  3353 | D:4      | Noticed Menkaure
  3365 | D:4      | Killed Menkaure
  3438 | D:4      | Reached XP level 7. HP: 36/46 MP: 11/15
  3624 | D:5      | Entered Level 5 of the Dungeon
  3652 | D:5      | Reached skill level 6 in Spellcasting
  3736 | D:5      | Found a shadowy altar of Dithmenos.
  3829 | D:5      | Reached skill level 5 in Summonings
  4228 | D:5      | Noticed Ijyb
  4250 | D:5      | Killed Ijyb
  4456 | D:6      | Found Zohotom's Assorted Antiques.
  4464 | D:6      | Bought a scroll labelled RUTAIROLAG for 28 gold pieces
  4464 | D:6      | Bought a scroll labelled OMUCUXK JECOD for 28 gold pieces
  4596 | D:6      | Found a broken altar of Ashenzari.
  4736 | D:6      | Reached XP level 8. HP: 50/52 MP: 1/18
  5222 | D:6      | Reached skill level 7 in Spellcasting
  5317 | D:6      | Found a runed translucent door.
  5318 | D:6      | Noticed Crazy Yiuf
  5363 | D:6      | Reached skill level 5 in Air Magic
  5492 | D:6      | Noticed a nameless horror
  5639 | D:6      | Killed a nameless horror
  5653 | D:6      | Killed Crazy Yiuf
  5762 | D:6      | Identified the +0 hammer of Woe {venom, rElec Str-5 Int+3}
  5836 | D:7      | Found a staircase to the Ecumenical Temple.
  5927 | Temple   | Entered the Ecumenical Temple
  6013 | D:7      | Reached skill level 8 in Spellcasting
  6204 | D:7      | Noticed Prince Ribbit
  6218 | D:7      | Killed Prince Ribbit
  6513 | D:7      | Reached skill level 9 in Spellcasting
  6513 | D:7      | Reached XP level 9. HP: 57/57 MP: 17/22
  7337 | D:8      | Reached skill level 10 in Spellcasting
  7426 | D:8      | Found a staircase to the Lair.
  7475 | D:8      | Identified the +2 war axe "Buysk" {heavy, Dex+2}
  7884 | D:9      | Found a runed translucent gate.
  7884 | D:9      | Found a runed translucent gate.
  7884 | D:9      | Found a runed translucent gate.
  7933 | D:9      | Found an ancient bone altar of Kikubaaqudgha.
  7976 | D:9      | Became a worshipper of Kikubaaqudgha
  8020 | D:9      | HP: 2/57 [yak (7)]
  8021 | D:9      | Mangled by a yak

Illustrated notes

Levels and vault maps discovered:
D:1:      minmay_arrival_split_and_join, layout_loops_ring, serial_shops, shop,
          dilly_ecumenical_altar_fadedgnrine, ebering_dispersal_statue_hall,
          minmay_misc_feat_room, minmay_splitting_lines
D:2:      layout_basic, uniq_terence, uniq_natasha
D:3:      layout_loops_cross, serial_glass, glass_columns_c, glass_columns_a,
          st_stairs_12, supply_closet_lemuel
D:4:      layout_rooms, uniq_menkaure
D:5:      layout_loops_cross, elyvilon_altar_5, lemuel_tele_altar, uniq_ijyb
D:6:      layout_gridville, cheibrodos_ashenzari_chains, serial_shops, shop,
          minmay_misc_feat_pillars, serial_bayou_lagoon_a,
          uniq_crazy_yiuf_cottage
D:7:      layout_cave_pods, minmay_temple_entry_glass, uniq_prince_ribbit1
D:8:      layout_basic, dpeg_oklobed_lair, kennysheep_cross_room
D:9:      layout_irregular_city, kiku_gazebo_garden_becter, gammafunk_ghost_icy,
          uniq_grum
Temple:   regret_index_temple_chain_breaker

Skill      XL: |  1  2  3  4  5  6  7  8  9 |
---------------+----------------------------+-----
Spellcasting   | 3 4 5 6 9 10 | 10.7
Summonings     | 4 5 6 7 |  7.8
Unarmed Combat | 1 |  1.0
Air Magic      | 2 3 4 5 |  5.0
Fighting       | |  0.1
Dodging        | |  1.5
Stealth        | |  1.5

Action                     |  1- 3 |  4- 6 |  7- 9 || total
---------------------------+-------+-------+-------++-------
  Melee: Unarmed           |    92 |     2 |       ||    94
         Punch             |     1 |     1 |       ||     2
         Dagger            |       |    58 |   132 ||   190
   Cast: Summon Small Mamm |    58 |    36 |    60 ||   154
         Call Canine Famil |     2 |    10 |    32 ||    44
         Summon Lightning  |       |       |    18 ||    18
  Evoke: Wand              |       |     2 |     4 ||     6
    Use: Scroll            |       |       |     2 ||     2
   Stab: Sleeping          |     1 |     1 |     4 ||     6
         Distracted        |       |     1 |     1 ||     2
 Armour: Robe              |    59 |    44 |   108 ||   211
         Steam dragon scal |       |       |    26 ||    26
  Dodge: Dodged            |    81 |    63 |   107 ||   251

Table legend: (Time is in decaauts)
 A = Elapsed time spent in this place.
 B = Non-inter-level travel time spent in this place.
 C = Inter-level travel time spent in this place.
 D = Time resting spent in this place.
 E = Time spent auto-exploring this place.
 F = Levels seen in this place.
 G = Mean time per level.
                   A        B        C        D        E       F      G
               +--------+--------+--------+--------+--------+-----+--------+
         Total |   8032 |   7358 |    674 |    174 |   5818 |  10 |  803.2 |
       Dungeon |   8004 |   7356 |    648 |    174 |   5818 |   9 |  889.3 |
        Temple |     27 |      1 |     26 |      0 |      0 |   1 |   27.0 |
               +--------+--------+--------+--------+--------+-----+--------+

Top non-repeatable levels by time:
     D:1: 1565 daAuts
     D:6: 1409 daAuts
     D:7: 1179 daAuts
     D:8: 840 daAuts
     D:5: 816 daAuts
     D:2: 808 daAuts
     D:3: 766 daAuts
     D:4: 481 daAuts
     D:9: 136 daAuts
  Temple: 27 daAuts
